[Event "Titled Tuesday Blitz February 21 Early 2023"]
[White "kiwibobo"]
[Black "Filgueira, Hernan"]
[BlackFideId "101770"]
[WhiteElo "2140"]
[BlackElo "2283"]
[Result "0-1"]
[Round "10"]
[TimeControl "180+2"]
[Date "2023.02.21"]
[WhiteClock "0:00:01"]
[BlackClock "0:00:15"]

1. e4 d6 2. d4 Nf6 3. Nc3 g6 4. Nf3 Bg7 5. Be2 O-O 6. O-O c6 7. h3 Qc7 8. a4 e5 9. Re1 Re8 10. Bf1 Nbd7 11. Qe2 exd4 12. Nxd4 Nc5 13. Qf3 a5 14. Bg5 Nfd7 15. Rad1 Bxd4 16. Rxd4 Ne6 17. Be3 Nxd4 18. Bxd4 Ne5 19. Qg3 Qe7 20. f4 Nd7 21. Bc4 d5 22. Bb3 Nc5 23. Bxd5 Be6 24. Bxe6 Nxe6 25. Be3 Rad8 26. Bb6 Rd2 27. Bxa5 Qc5+ 28. Qe3 Rxc2 29. Qxc5 Nxc5 30. Bb6 Nd3 31. Re3 Nxb2 32. Bd4 Nc4 33. Re1 c5 34. Bf6 Nd6 35. Nd5 Nxe4 36. Ne7+ Rxe7 37. Bxe7 f5 38. Rd1 Kf7 39. Bd6 Ke6 40. Be5 Rc4 41. Kh2 Rxa4 42. Rd8 g5 43. Re8+ Kd7 44. Rh8 gxf4 45. Rxh7+ Ke6 46. Bxf4 c4 47. Rh6+ Kd5 48. Rh7 c3 49. Rc7 b5 50. h4 b4 51. h5 Ra8 52. h6 Rh8 53. Rb7 Kc4 54. h7 Kb3 55. Be5 Rxh7+ 56. Rxh7 c2 57. Rc7 Nc3 58. Bf4 Nd5 59. Rxc2 Kxc2 60. Be5 Nc3 61. g4 b3 62. gxf5 b2 63. f6 b1=Q 64. f7 Qf1 65. Bxc3 Kxc3 0-1


[Site "https://www.chess.com"]

[Event "Titled Tuesday Blitz February 21 Early 2023"]
[White "Zochowski, Kacper"]
[Black "Lauridsen, Jesper Morch"]
[WhiteFideId "1125494"]
[BlackFideId "1401890"]
[WhiteElo "2262"]
[BlackElo "2309"]
[Result "1-0"]
[Round "10"]
[TimeControl "180+2"]
[Date "2023.02.21"]
[WhiteClock "0:00:24"]
[BlackClock "0:00:11"]

1. Nf3 g6 2. c4 c5 3. Nc3 Bg7 4. g3 Nf6 5. Bg2 O-O 6. O-O Nc6 7. d4 cxd4 8. Nxd4 Qa5 9. Nb3 Qh5 10. c5 b6 11. e3 Ba6 12. Qxh5 gxh5 13. Rd1 Bc4 14. Nd2 Be6 15. Nde4 Bf5 16. cxb6 axb6 17. a3 Ra5 18. Bd2 Re5 19. Nxf6+ Bxf6 20. Rac1 Na5 21. Nd5 Nb3 22. Nxf6+ exf6 23. Rc7 Bg4 24. f3 Be6 25. e4 Nxd2 26. Rxd2 Rb5 27. Bf1 Rb3 28. Kf2 f5 29. Bd3 fxe4 30. Bxe4 h4 31. gxh4 Kg7 32. Bb1 Kf6 33. Ba2 Rb5 34. Bxe6 dxe6 35. b4 Rh5 36. Rc4 Rg8 37. Rdd4 Re5 38. Rf4+ Kg6 39. Rg4+ 1-0


[Site "https://www.chess.com"]

[Event "Titled Tuesday Blitz February 21 Early 2023"]
[White "Valle Maytin, Luis Enrique"]
[Black "Kiselev, Pavel"]
[WhiteFideId "3503666"]
[BlackFideId "4191102"]
[WhiteElo "2241"]
[BlackElo "2245"]
[Result "1-0"]
[Round "10"]
[TimeControl "180+2"]
[Date "2023.02.21"]
[WhiteClock "0:00:03"]
[BlackClock "0:00:02"]

1. e4 c5 2. Nf3 Nc6 3. Bb5 g6 4. O-O Bg7 5. Re1 Nf6 6. e5 Nd5 7. c3 O-O 8. d4 cxd4 9. cxd4 d6 10. exd6 Qxd6 11. Nc3 Nc7 12. Bxc6 bxc6 13. Ne4 Qd5 14. Nc3 Qd6 15. Ne4 Qd8 16. Bf4 Nd5 17. Bg3 a5 18. h3 a4 19. Rc1 Qb6 20. Qc2 Nb4 21. Qd2 Ba6 22. Nc5 e6 23. a3 Nd5 24. Nd7 Qb3 25. Nxf8 Rxf8 26. Rxc6 Bb5 27. Rc5 Bd3 28. Rec1 h6 29. Rc8 Kh7 30. Rxf8 Bxf8 31. Rc8 Bg7 32. Be5 Nf6 33. Rc7 Kg8 34. Bxf6 Bxf6 35. Qxh6 Ba6 36. Qc1 Kg7 37. Rc3 Qb5 38. Rc5 Qe2 39. Rc2 Qb5 40. Rc6 Qe2 41. Rc2 Qb5 42. Rc3 Bb7 43. Qe3 Qb6 44. Ne5 Bd5 45. Qf4 Qd8 46. Rg3 Qe7 47. h4 1-0


[Site "https://www.chess.com"]

[Event "Titled Tuesday Blitz February 21 Early 2023"]
[White "Thiel, Thomas"]
[Black "Shubenkova, Veronika"]
[WhiteFideId "4615964"]
[BlackFideId "44124040"]
[WhiteElo "2234"]
[BlackElo "1960"]
[Result "0-1"]
[Round "10"]
[TimeControl "180+2"]
[Date "2023.02.21"]
[WhiteClock "0:00:12"]
[BlackClock "0:02:08"]

1. e4 e6 2. d4 d5 3. Nc3 Nf6 4. Bg5 Be7 5. e5 Nfd7 6. h4 h6 7. Bxe7 Qxe7 8. f4 g6 9. Nf3 a6 10. Qd2 c5 11. O-O-O Nc6 12. h5 cxd4 13. Nxd4 Nxd4 14. Qxd4 g5 15. f5 Qc5 16. Qxc5 Nxc5 17. f6 b5 18. Bd3 Bb7 19. Ne2 O-O-O 20. Nd4 Kb8 21. b4 Nd7 22. Rde1 Rc8 23. Re3 Rc7 24. Rhe1 Rhc8 25. Kb2 Nb6 26. a3 Na4+ 27. Kc1 Nc3 28. Kd2 Ne4+ 29. Bxe4 dxe4 30. c3 Rd7 31. Rxe4 Bxe4 32. Rxe4 Rd5 33. Kd3 Rc4 34. Re1 Kb7 35. Re2 Kb6 36. Re1 a5 37. Re2 Rc7 38. Re1 axb4 39. axb4 Ra7 40. Re2 Ra1 41. Ke4 Rf1 42. g3 Rc1 43. Kd3 Rd8 44. Ra2 Rd1+ 45. Ke2 Rh1 46. Ra5 Rd5 47. Nf3 g4 48. Nd4 Rxe5+ 49. Kf2 Rhxh5 50. Ra6+ Kxa6 0-1


[Site "https://www.chess.com"]

[Event "Titled Tuesday Blitz February 21 Early 2023"]
[White "Kielinkei"]
[Black "Decoster, Frederic"]
[BlackFideId "204269"]
[WhiteElo "2378"]
[BlackElo "2301"]
[Result "0-1"]
[Round "10"]
[TimeControl "180+2"]
[Date "2023.02.21"]
[WhiteClock "0:00:02"]
[BlackClock "0:00:12"]

1. Nf3 Nf6 2. c4 g6 3. d4 Bg7 4. Nc3 O-O 5. e4 d6 6. Be2 e5 7. Be3 Ng4 8. Bg5 f6 9. Bh4 g5 10. Bg3 Nh6 11. O-O Nc6 12. d5 Ne7 13. Rc1 c5 14. dxc6 bxc6 15. Qd2 Be6 16. Rfd1 Nf7 17. b3 Qc7 18. h4 g4 19. Nh2 h5 20. Nf1 Bh6 21. Ne3 f5 22. exf5 Nxf5 23. Kh2 Qe7 24. Nxf5 Bxf5 25. Qb2 Bf4 26. Kg1 Rad8 27. Bd3 Nh6 28. Ra1 Bxd3 29. Rxd3 Nf5 30. Ne4 Bh6 31. Rad1 Bg7 32. Qe2 Nd4 33. Qe3 Rf5 34. Ng5 Qf6 35. Qe4 Bh6 36. c5 d5 37. Qe1 Bxg5 38. hxg5 Qxg5 39. Rxd4 exd4 40. Qe6+ Kh7 41. Re1 Rdf8 42. Qd7+ R8f7 43. Qxc6 h4 44. Be5 d3 45. Qe8 Qg8 46. Qe7 Rxe7 47. Bf4 Rxe1+ 48. Kh2 g3+ 49. Kh3 gxf2 50. g4 hxg3 51. Kg2 Rg1+ 52. Kh3 Rh5# 0-1


[Site "https://www.chess.com"]

[Event "Titled Tuesday Blitz February 21 Early 2023"]
[White "Gerbelli Neto, Eduardo"]
[Black "Schut, Han"]
[WhiteFideId "2103281"]
[BlackFideId "1005561"]
[WhiteElo "2114"]
[BlackElo "2101"]
[Result "1-0"]
[Round "10"]
[TimeControl "180+2"]
[Date "2023.02.21"]
[WhiteClock "0:01:13"]
[BlackClock "0:00:01"]

1. e4 c5 2. Nc3 Nc6 3. f4 g6 4. Nf3 Bg7 5. Bc4 e6 6. f5 Nge7 7. fxe6 fxe6 8. d3 d5 9. Bb3 Nd4 10. O-O Nxb3 11. axb3 O-O 12. Bg5 d4 13. Na4 b6 14. Bxe7 Qxe7 15. Nxb6 Rb8 16. Nc4 e5 17. h3 Re8 18. Qd2 Qc7 19. Qg5 Bd7 20. Ra5 Rb4 21. Rfa1 Rb7 22. Ra6 Bb5 23. Nd6 Bxa6 24. Nxe8 Qe7 25. Qxe7 Rxe7 26. Nxg7 Bb7 27. Ra5 Kxg7 28. Rxc5 a5 29. Nxe5 1-0


[Site "https://www.chess.com"]

[Event "Titled Tuesday Blitz February 21 Early 2023"]
[White "Lorenzo De La Riva, Lazaro"]
[Black "Cramling Bellon, Anna"]
[WhiteFideId "2268809"]
[BlackFideId "32009232"]
[WhiteElo "2404"]
[BlackElo "2043"]
[Result "1-0"]
[Round "10"]
[TimeControl "180+2"]
[Date "2023.02.21"]
[WhiteClock "0:00:20"]
[BlackClock "0:00:01"]

1. d4 Nf6 2. Nc3 d5 3. Bf4 a6 4. e3 c5 5. Nf3 Nc6 6. a3 cxd4 7. exd4 Bg4 8. Be2 e6 9. Ne5 Bxe2 10. Nxe2 Ne4 11. f3 Nd6 12. O-O Be7 13. Kh1 O-O 14. c3 Nf5 15. g4 Nh4 16. Bg3 Ng6 17. f4 f6 18. Nxg6 hxg6 19. Qd3 Kf7 20. Ng1 Rh8 21. Nf3 Bd6 22. Rae1 g5 23. Ne5+ Nxe5 24. fxe5 Be7 25. exf6 gxf6 26. Qe3 Qd7 27. Be5 Rag8 28. Rf2 Rg6 29. Ref1 Rhh6 30. Re2 Bd6 31. Rf3 Kg7 32. Bg3 Bxg3 33. Rxg3 f5 34. gxf5 exf5 35. Rxg5 Rxg5 36. Qxg5+ Rg6 37. Re7+ Qxe7 38. Qxe7+ Kh6 39. Qe3+ Rg5 40. Qe5 Kh5 41. Qxd5 f4 42. Qf3+ Kh6 43. Qxf4 b5 44. Qd6+ Kh5 45. Qf8 1-0


[Site "https://www.chess.com"]

[Event "Titled Tuesday Blitz February 21 Early 2023"]
[White "Kuchava, Ana"]
[Black "Smith, Garrett L"]
[WhiteFideId "13605348"]
[BlackFideId "2024829"]
[WhiteElo "2101"]
[BlackElo "2047"]
[Result "0-1"]
[Round "10"]
[TimeControl "180+2"]
[Date "2023.02.21"]
[WhiteClock "0:00:03"]
[BlackClock "0:00:14"]

1. d4 Nf6 2. Nf3 g6 3. c4 Bg7 4. Nc3 d5 5. Bg5 Ne4 6. Bf4 Nxc3 7. bxc3 dxc4 8. e3 Be6 9. Ne5 Nd7 10. Nxc4 Nb6 11. Na5 Qc8 12. Bd3 O-O 13. O-O c5 14. Rb1 Nd5 15. Qd2 Nxf4 16. exf4 b6 17. Be4 bxa5 18. Bxa8 cxd4 19. cxd4 Qxa8 20. Qxa5 Bxd4 21. Qc7 Qe4 22. Qxe7 Qxf4 23. Qb7 Rd8 24. a3 Bd5 25. Qe7 Qf6 26. Qxf6 Bxf6 27. Rfd1 Rd7 28. h3 Be7 29. Rb8+ Bf8 30. Rb5 Be6 31. Rxd7 Bxd7 32. Ra5 Be6 33. Rxa7 Kg7 34. a4 Kf6 35. a5 Bc5 36. Rc7 Bd4 37. a6 Bd5 38. Kf1 Ke6 39. a7 Kd6 40. Rc8 Bxa7 41. Rh8 h5 42. g4 hxg4 43. hxg4 Ke5 44. Re8+ Be6 45. Kg2 Kf4 46. f3 Bd4 47. Rd8 Be5 48. Rd2 Bc4 49. Rc2 Bb5 50. Ra2 Bc6 51. Rc2 Bxf3+ 52. Kf2 Bd4+ 53. Kf1 Bxg4 0-1


[Site "https://www.chess.com"]

[Event "Titled Tuesday Blitz February 21 Early 2023"]
[White "lisjakzlatko1"]
[Black "mohsengabr2002"]
[WhiteElo "2162"]
[BlackElo "2324"]
[Result "0-1"]
[Round "10"]
[TimeControl "180+2"]
[Date "2023.02.21"]
[WhiteClock "0:00:01"]
[BlackClock "0:00:43"]

1. e4 d5 2. exd5 Nf6 3. d4 Nxd5 4. Nf3 Bf5 5. Bd3 Bxd3 6. Qxd3 e6 7. O-O c6 8. c4 Nf6 9. Nc3 Bd6 10. b3 Nbd7 11. Bb2 O-O 12. Rfe1 a5 13. Rad1 Re8 14. Ne4 Nxe4 15. Rxe4 Nf6 16. Rh4 h6 17. Qc2 a4 18. Rd3 axb3 19. axb3 b5 20. Ne5 Ra6 21. Rg3 Ra2 22. Qc1 Bxe5 23. dxe5 Rxb2 24. Rxg7+ Kf8 25. Rxh6 Qd2 26. Qxd2 Rb1+ 0-1


[Site "https://www.chess.com"]

[Event "Titled Tuesday Blitz February 21 Early 2023"]
[White "Osuna Vega, Enrique"]
[Black "Gharamian, Tigran"]
[WhiteFideId "2219549"]
[BlackFideId "13301527"]
[WhiteElo "2061"]
[BlackElo "2601"]
[Result "1-0"]
[Round "10"]
[TimeControl "180+2"]
[Date "2023.02.21"]
[WhiteClock "0:00:55"]
[BlackClock "0:00:25"]

1. e4 c6 2. Nf3 d5 3. Nc3 dxe4 4. Nxe4 Nf6 5. Ng3 h5 6. h3 h4 7. Ne2 c5 8. d4 Nc6 9. c3 Bf5 10. Be3 e6 11. dxc5 Qc7 12. Ned4 Be4 13. Bd3 O-O-O 14. Bxe4 Nxe4 15. Qc2 Nxc5 16. O-O Ne5 17. Nxe5 Qxe5 18. Nf3 Qc7 19. Rfd1 Rxd1+ 20. Rxd1 Rh5 21. c4 Qc6 22. b4 Ne4 23. b5 Rxb5 24. Qd3 1-0


[Site "https://www.chess.com"]

[Event "Titled Tuesday Blitz February 21 Early 2023"]
[White "Prudnykova, Olga"]
[Black "babbilator"]
[WhiteFideId "14121093"]
[WhiteElo "2268"]
[BlackElo "2129"]
[Result "1-0"]
[Round "10"]
[TimeControl "180+2"]
[Date "2023.02.21"]
[WhiteClock "0:00:06"]
[BlackClock "0:00:01"]

1. e4 c5 2. Nf3 e6 3. Nc3 Nc6 4. d4 cxd4 5. Nxd4 Qc7 6. Be3 a6 7. Qf3 Ne5 8. Qg3 h5 9. f4 h4 10. Qh3 Ng6 11. e5 Bb4 12. Bd2 N8e7 13. Qf3 d6 14. exd6 Bxd6 15. g3 hxg3 16. hxg3 Rxh1 17. Qxh1 e5 18. Nb3 Bg4 19. Bh3 Qc8 20. Ne4 Bc7 21. Nf2 Bxh3 22. Nxh3 Qg4 23. Nf2 Qxg3 24. Qxb7 Rc8 25. O-O-O Qxf2 26. Kb1 Qb6 27. Qe4 f5 28. Qa4+ Qb5 29. Qxb5+ axb5 30. fxe5 Nxe5 31. Bg5 Kf7 32. Re1 N7c6 33. Nc5 Re8 34. b3 g6 35. Rg1 Nf3 36. Rg2 Nxg5 37. Rxg5 Kf6 38. Rg2 Be5 39. Nd7+ Kf7 40. Nc5 Bc3 41. Rg1 Re1+ 42. Rxe1 Bxe1 43. a4 bxa4 44. bxa4 g5 45. Nd3 Bc3 46. Ka2 g4 47. Kb3 Ba5 48. Kc4 g3 49. Kb5 g2 50. Kxc6 g1=Q 51. Kb5 Qb6+ 52. Kc4 Qc6+ 53. Kb3 f4 54. c3 f3 55. Ne5+ Kg7 56. Nxc6 f2 57. Nxa5 f1=Q 58. Nc4 Qb1+ 59. Nb2 Kf6 60. a5 Ke7 61. Ka3 Kd7 62. Nc4 Kc7 63. Ka4 Kb7 64. Na3 Qc1 65. Kb4 Ka6 66. Nc4 Qc2 67. Kc5 1-0


[Site "https://www.chess.com"]

[Event "Titled Tuesday Blitz February 21 Early 2023"]
[White "Ricaurte Lopez, Juan Carlos"]
[Black "Bogaudinov, Rushan"]
[WhiteFideId "3600327"]
[BlackFideId "4129288"]
[WhiteElo "2226"]
[BlackElo "1939"]
[Result "0-1"]
[Round "10"]
[TimeControl "180+2"]
[Date "2023.02.21"]
[WhiteClock "0:00:01"]
[BlackClock "0:01:04"]

1. e4 a6 2. d4 b5 3. a4 b4 4. Bc4 e6 5. Qe2 Bb7 6. Nf3 Nf6 7. e5 Nd5 8. O-O Be7 9. Rd1 d6 10. a5 Nd7 11. Bb3 O-O 12. c4 bxc3 13. bxc3 c5 14. exd6 Bxd6 15. Bc2 cxd4 16. cxd4 N7f6 17. Bg5 Rc8 18. Be4 h6 19. Bh4 Nf4 20. Qe3 Bxe4 21. Bxf6 Bxf3 22. Bxd8 Bxd1 23. Nc3 Rxc3 24. Qd2 Bh5 25. Bb6 Rfc8 26. Bc5 Bxc5 27. dxc5 Ne2+ 28. Kf1 R8xc5 29. f3 Rc1+ 30. Rxc1 Nxc1 31. Qb4 Rb5 32. Qc4 Nb3 33. Ke2 Bg6 34. g4 Nc5 35. Ke3 Rxa5 36. h4 h5 37. gxh5 Bxh5 0-1


[Site "https://www.chess.com"]

[Event "Titled Tuesday Blitz February 21 Early 2023"]
[White "Kornyukov, Alexey"]
[Black "SulfatoFerroso"]
[WhiteFideId "4150457"]
[WhiteElo "2452"]
[BlackElo "1776"]
[Result "1-0"]
[Round "10"]
[TimeControl "180+2"]
[Date "2023.02.21"]
[WhiteClock "0:01:13"]
[BlackClock "0:00:03"]

1. e4 c5 2. Nf3 d6 3. c3 Nf6 4. Be2 Nxe4 5. Qa4+ Nc6 6. Qxe4 d5 7. Qa4 Bd7 8. Qb3 e6 9. O-O Qc7 10. d4 c4 11. Qc2 Bd6 12. Na3 a6 13. b3 b5 14. b4 h6 15. Be3 g5 16. Ne5 Nxe5 17. dxe5 Bxe5 18. h3 Bg7 19. Bd4 e5 20. Bc5 h5 21. Rad1 Be6 22. Bf3 Rd8 23. Qd2 g4 24. Be2 e4 25. Bd4 1-0


[Site "https://www.chess.com"]

[Event "Titled Tuesday Blitz February 21 Early 2023"]
[White "Mushini Ajay"]
[Black "tandercat"]
[WhiteFideId "35066188"]
[WhiteElo "2310"]
[BlackElo "1859"]
[Result "0-1"]
[Round "10"]
[TimeControl "180+2"]
[Date "2023.02.21"]
[WhiteClock "0:00:03"]
[BlackClock "0:00:03"]

1. e4 c5 2. Nf3 Nc6 3. d4 cxd4 4. Nxd4 e5 5. Nb5 d6 6. N1c3 a6 7. Na3 Be7 8. Nd5 Nf6 9. Nxf6+ Bxf6 10. Nc4 Be7 11. Be3 b5 12. Nb6 Rb8 13. Nxc8 Qxc8 14. a4 b4 15. Bc4 O-O 16. O-O Nd4 17. b3 Ne6 18. a5 Nc5 19. f4 Nxe4 20. fxe5 dxe5 21. Rxf7 Rxf7 22. Qd5 Nd6 23. Rf1 Nxc4 24. Qxf7+ Kh8 25. Qxc4 Qxc4 26. bxc4 Kg8 27. Kf2 Rc8 28. Ke2 Rxc4 29. Kd3 Rc3+ 30. Ke4 Bc5 31. Bd2 Rxc2 32. Rd1 b3 33. Kd3 Bd4 34. Rb1 Rb2 35. Rc1 Ra2 36. Rc8+ Kf7 37. Rc7+ Kg6 38. Rb7 b2 39. Bc3 Ra3 40. Rxb2 Rxc3+ 41. Kd2 Rc6 42. Ra2 Rc5 43. Kd3 Rb5 44. Ke4 Kf6 45. g4 g6 46. h4 h6 47. Rg2 g5 48. hxg5+ hxg5 49. Ra2 Rb3 50. Kd5 Rb5+ 51. Kc6 Bc3 0-1


[Site "https://www.chess.com"]

[Event "Titled Tuesday Blitz February 21 Early 2023"]
[White "Burke, John F"]
[Black "Buganca, Luiz Henrique Da Silva"]
[WhiteFideId "2052970"]
[BlackFideId "2182289"]
[WhiteElo "2013"]
[BlackElo "1920"]
[Result "1-0"]
[Round "10"]
[TimeControl "180+2"]
[Date "2023.02.21"]
[WhiteClock "0:00:28"]
[BlackClock "0:00:14"]

1. d4 Nf6 2. c4 e6 3. Nf3 b6 4. a3 Bb7 5. Nc3 Be7 6. Qc2 c5 7. e3 O-O 8. Be2 d6 9. O-O Nbd7 10. b3 Rc8 11. Bb2 a6 12. Rfd1 Qc7 13. Rac1 Rfd8 14. d5 Nf8 15. e4 e5 16. Bd3 Nh5 17. Ne2 Ng6 18. g3 Qd7 19. Ne1 Rf8 20. f3 Nh8 21. Ng2 g6 22. Rf1 f6 23. g4 Ng7 24. Ng3 Nf7 25. h3 Rb8 26. f4 b5 27. f5 g5 28. Ra1 bxc4 29. bxc4 a5 30. Bc3 a4 31. Rab1 Ba6 32. Rxb8 Rxb8 33. Rb1 Rxb1+ 34. Qxb1 Bd8 35. Ne3 Ne8 36. Bc2 Nc7 37. Qb8 Ne8 38. Nh5 Kf8 39. Qa8 Qb7 40. Qxb7 Bxb7 41. Bxa4 Nc7 42. Ba5 Ke7 43. Bc6 Ba6 44. Kf2 Bc8 45. Ng7 Na6 46. Bxd8+ Nxd8 47. Bb5 Nc7 48. Ne6 Nxb5 49. cxb5 Nb7 50. Nc4 Bd7 51. a4 Be8 52. Kg3 Kd7 53. h4 h6 54. hxg5 hxg5 55. Kf3 Kc8 56. Nb6+ Kb8 57. Nc4 Ka7 58. Ke3 Kb8 59. Kd3 Ka7 60. Kc3 Kb8 61. Kb3 Ka7 62. Nc7 Bd7 63. b6+ Kb8 64. a5 Bc8 65. a6 Nd8 66. a7+ Kb7 67. a8=Q# 1-0


[Site "https://www.chess.com"]

[Event "Titled Tuesday Blitz February 21 Early 2023"]
[White "Rose, Felix"]
[Black "Gamage, Wanshini Vidusama"]
[WhiteFideId "5105722"]
[BlackFideId "9953752"]
[WhiteElo "2091"]
[BlackElo "1089"]
[Result "1-0"]
[Round "10"]
[TimeControl "180+2"]
[Date "2023.02.21"]
[WhiteClock "0:00:04"]
[BlackClock "0:00:01"]

1. d4 Nf6 2. Nc3 d5 3. Bf4 c5 4. e4 dxe4 5. dxc5 Qxd1+ 6. Rxd1 Bg4 7. Be2 Bxe2 8. Ngxe2 e6 9. b4 a5 10. a3 Be7 11. Ng3 axb4 12. axb4 Nc6 13. b5 Nb4 14. O-O O-O 15. Ngxe4 Nxe4 16. Nxe4 Rac8 17. c3 Nd5 18. Bd6 Bxd6 19. cxd6 Nxc3 20. d7 Ne2+ 21. Kh1 Rcd8 22. g3 f5 23. Nc5 Nc3 24. Rd3 Nxb5 25. Nxe6 Kf7 26. Nxf8 Kxf8 27. Rb1 Nc7 28. Rxb7 Ne6 29. f4 Ke7 30. Rd5 g6 31. Kg2 h5 32. Kf3 h4 33. gxh4 Nf8 34. h5 gxh5 35. Rxf5 Nxd7 36. Rxh5 Ke6 37. Rh6+ Kd5 38. Rb5+ Kc4 39. Rf5 Re8 40. Rc6+ Kb4 41. Rc7 Nb6 42. Rf6 Nd5 43. Rb7+ Kc4 44. Rc6+ Kd4 45. Rd7 Re3+ 46. Kf2 1-0


[Site "https://www.chess.com"]

[Event "Titled Tuesday Blitz February 21 Early 2023"]
[White "Levitan, Caleb Levi"]
[Black "Kiseljova, Marya"]
[WhiteFideId "14332620"]
[BlackFideId "4155009"]
[WhiteElo "2129"]
[BlackElo "2031"]
[Result "0-1"]
[Round "10"]
[TimeControl "180+2"]
[Date "2023.02.21"]
[WhiteClock "0:00:33"]
[BlackClock "0:02:04"]

1. e4 c5 2. Nf3 Nc6 3. Nc3 g6 4. d4 cxd4 5. Nxd4 Bg7 6. Be3 Nf6 7. Bc4 O-O 8. Bb3 Re8 9. Qd2 Ng4 10. Nxc6 bxc6 11. O-O-O Nxe3 12. Qxe3 d6 13. f4 Be6 14. Bxe6 fxe6 15. h4 Qb6 16. Qxb6 axb6 17. Kb1 Bxc3 18. bxc3 Ra4 19. Rd4 Rea8 20. Rxa4 Rxa4 21. Re1 h5 22. Kb2 Kf7 23. Kb3 b5 24. g3 Kf6 25. e5+ Kf5 26. exd6 exd6 27. Rd1 d5 28. Re1 Re4 29. Rxe4 dxe4 30. c4 Kg4 31. cxb5 cxb5 32. c4 bxc4+ 33. Kxc4 e3 34. Kd3 Kf3 35. a4 e2 36. a5 e1=Q 37. a6 Qa5 38. Kd4 Qxa6 39. Ke5 Qe2+ 40. Kf6 Kxg3 41. Kg5 Qg4+ 42. Kh6 Qxf4+ 43. Kh7 Qxh4 44. Kh8 Qf4 45. Kh7 e5 46. Kg7 e4 47. Kh8 e3 48. Kh7 e2 49. Kg7 e1=Q 50. Kh7 g5 51. Kg7 g4 52. Kh7 h4 53. Kg7 h3 54. Kg6 h2 55. Kg7 Qee5+ 56. Kg6 Qff6+ 57. Kh7 Qg7# 0-1


[Site "https://www.chess.com"]

[Event "Titled Tuesday Blitz February 21 Early 2023"]
[White "Burdalev, Kirill"]
[Black "Tarnowska, Aleksandra"]
[WhiteFideId "14121913"]
[BlackFideId "1180967"]
[WhiteElo "2368"]
[BlackElo "1835"]
[Result "1-0"]
[Round "10"]
[TimeControl "180+2"]
[Date "2023.02.21"]
[WhiteClock "0:00:23"]
[BlackClock "0:00:02"]

1. d4 d5 2. c4 e6 3. g3 Nf6 4. Bg2 Bb4+ 5. Bd2 Be7 6. Nf3 O-O 7. O-O dxc4 8. Qc2 c5 9. dxc5 Bxc5 10. Qxc4 Qb6 11. Nc3 Bd7 12. Na4 Bxa4 13. Qxa4 Nc6 14. b4 Be7 15. b5 Nd8 16. Ba5 Qd6 17. Rfd1 Qa3 18. Qxa3 Bxa3 19. Rab1 Nd5 20. Ne5 b6 21. Be1 f6 22. Nc4 Bc5 23. Rxd5 exd5 24. Bxd5+ Nf7 25. Bxa8 Rxa8 26. Rd1 Re8 27. Kf1 Ng5 28. f3 Re7 29. h4 Ne6 30. Bf2 Bb4 31. e4 Kf7 32. Nd6+ Bxd6 33. Rxd6 g5 34. hxg5 Nxg5 35. Ke2 Rc7 36. Be3 Rc2+ 37. Rd2 Rc4 38. Bxg5 fxg5 39. Rd7+ Ke6 40. Rxa7 Rb4 41. Rxh7 Rxb5 42. f4 Rb2+ 43. Kf3 gxf4 44. gxf4 Rxa2 45. Rh6+ Kf7 46. Rxb6 Ra3+ 47. Kg4 Re3 48. e5 Re1 49. Kf5 Ke7 50. Rb7+ Kd8 51. Kf6 Rf1 52. f5 Rh1 53. e6 Rh6+ 54. Ke5 Rh1 55. Ra7 Re1+ 56. Kf6 Rh1 57. e7+ Ke8 58. Ra8+ Kd7 59. e8=Q+ Kc7 60. Qe7+ 1-0


[Site "https://www.chess.com"]

[Event "Titled Tuesday Blitz February 21 Early 2023"]
[White "Ciuffoletti, Paolo"]
[Black "Better_Chess_Faster"]
[WhiteFideId "807630"]
[WhiteElo "2106"]
[BlackElo "1968"]
[Result "1-0"]
[Round "10"]
[TimeControl "180+2"]
[Date "2023.02.21"]
[WhiteClock "0:00:29"]
[BlackClock "0:01:08"]

1. e4 Nf6 2. e5 Nd5 3. c4 Nb6 4. d4 d6 5. f4 g6 6. Nc3 Bg7 7. Be3 O-O 8. Nf3 dxe5 9. fxe5 c5 10. dxc5 Qxd1+ 11. Rxd1 N6d7 12. Nd5 Nc6 13. e6 fxe6 14. Nc7 Rb8 15. Nxe6 Bxb2 16. Nxf8 Nxf8 17. Bd3 Bc3+ 18. Bd2 Bg7 19. O-O e5 20. Be4 Ne6 21. Bd5 Kh8 22. Ng5 Nxg5 23. Bxg5 Nd4 24. Bf6 Bg4 25. Bxg7+ Kxg7 26. Rd3 Kh6 27. Rf7 Ne2+ 28. Kf2 Nf4 29. Re3 Bf5 30. Rxb7 Rd8 31. c6 Nxd5 32. cxd5 Rxd5 33. Rc3 Rd8 34. c7 Rc8 35. Rb8 Kg5 36. Rxc8 Bxc8 37. Rd3 Kf6 38. Rd8 Be6 39. c8=Q Bxc8 40. Rxc8 Ke6 41. Ke3 h5 42. Ke4 g5 43. Rc6+ 1-0


[Site "https://www.chess.com"]

[Event "Titled Tuesday Blitz February 21 Early 2023"]
[White "Michalski, Olaf"]
[Black "Andreev, Konstantin"]
[WhiteFideId "1106740"]
[BlackFideId "24239305"]
[WhiteElo "2273"]
[BlackElo "2195"]
[Result "0-1"]
[Round "10"]
[TimeControl "180+2"]
[Date "2023.02.21"]
[WhiteClock "0:00:02"]
[BlackClock "0:01:05"]

1. d4 Nf6 2. c4 e6 3. Nf3 d5 4. Nc3 dxc4 5. e4 b5 6. e5 Nd5 7. Nxb5 Nb6 8. a3 Nc6 9. Be3 Be7 10. Qc2 Na5 11. Rd1 Ba6 12. Nc3 O-O 13. h4 h6 14. h5 Nd5 15. Be2 Qc8 16. Rh3 Nxe3 17. fxe3 c5 18. Rg3 Kh8 19. Qe4 Bb7 20. Qg4 Rg8 21. d5 exd5 22. Nxd5 Bd8 23. Bxc4 Nxc4 24. Qxc4 Ba5+ 25. Kf2 Qe6 26. b3 Rad8 27. e4 Ba6 28. Qa4 Bb6 29. Qxa6 c4+ 30. Kf1 c3 31. Qd3 Rc8 32. Rc1 a5 33. Rxc3 Ba7 34. Rc4 Qa6 35. Nd4 Qb7 36. Nf5 Rxc4 37. bxc4 Qb2 38. Rf3 Qc1+ 39. Ke2 Rb8 0-1


[Site "https://www.chess.com"]

[Event "Titled Tuesday Blitz February 21 Early 2023"]
[White "Sarkar, Justin"]
[Black "Larina, Maria"]
[WhiteFideId "2010011"]
[BlackFideId "24113182"]
[WhiteElo "2309"]
[BlackElo "1948"]
[Result "1-0"]
[Round "10"]
[TimeControl "180+2"]
[Date "2023.02.21"]
[WhiteClock "0:00:05"]
[BlackClock "0:00:20"]

1. e4 c6 2. d4 d5 3. e5 c5 4. Nf3 Nc6 5. c4 cxd4 6. cxd5 Qxd5 7. Nc3 Qa5 8. Nxd4 Qxe5+ 9. Be3 Nxd4 10. Qxd4 Qxd4 11. Bxd4 e6 12. Bb5+ Bd7 13. Bxd7+ Kxd7 14. O-O-O Kc8 15. Kb1 b6 16. Nb5 Kb7 17. Rc1 Rc8 18. Rxc8 Kxc8 19. Nd6+ Bxd6 20. Bxg7 Ne7 21. Bxh8 Kb7 22. Re1 Nd5 23. Be5 Bc5 24. f3 Ne3 25. Re2 Nf5 26. Re4 Kc6 27. Kc2 Kd5 28. Kd3 Be7 29. Re1 a5 30. Bc3 Bc5 31. Re5+ Kd6 32. Re4 Kd5 33. Rg4 Ne3 34. Rg7 f5 35. g4 fxg4 36. fxg4 Ng2 37. Rxh7 Nf4+ 38. Kc2 Ke4 39. g5 Ng6 40. Rg7 Kf5 41. Bf6 Bf8 42. Rf7 Bc5 43. Rc7 Bd6 44. Rc6 Bc5 45. Rc8 e5 46. Re8 e4 47. Kd1 e3 48. h4 Nf4 49. h5 e2+ 50. Kd2 Bb4+ 51. Bc3 Bxc3+ 52. bxc3 Kxg5 53. Rxe2 Nxh5 54. Re3 Nf4 55. Re4 Kf5 56. Ke3 Nd5+ 57. Kd4 Nc7 58. Re5+ Kf6 59. Rh5 Ke6 60. Rh6+ Kd7 61. Rxb6 Ne6+ 62. Kd5 Nc7+ 63. Kc5 Ne6+ 64. Kb5 Nc7+ 65. Kxa5 Kc8 66. c4 Na8 67. c5 Nc7 68. Rc6 Kb7 69. Rxc7+ Kxc7 70. Kb5 Kb7 71. c6+ Kb8 72. Kb6 Kc8 73. a3 Kb8 74. a4 Ka8 75. a5 Kb8 76. a6 Ka8 77. Kc7 Ka7 78. Kd7 Ka8 79. c7 Ka7 80. Kc6 Ka8 81. c8=Q+ Ka7 82. Qb7# 1-0


[Site "https://www.chess.com"]

[Event "Titled Tuesday Blitz February 21 Early 2023"]
[White "Winkels, Marcel"]
[Black "Da Silva Borges, Rodrigo"]
[WhiteFideId "1003887"]
[BlackFideId "2115778"]
[WhiteElo "1960"]
[BlackElo "2199"]
[Result "0-1"]
[Round "10"]
[TimeControl "180+2"]
[Date "2023.02.21"]
[WhiteClock "0:00:15"]
[BlackClock "0:00:22"]

1. e4 c5 2. Nf3 d6 3. d4 cxd4 4. Nxd4 Nf6 5. Nc3 a6 6. h3 e5 7. Nde2 h5 8. g3 b5 9. Bg2 Bb7 10. O-O Nbd7 11. Be3 Be7 12. Qd2 Rc8 13. Rad1 Qc7 14. f4 h4 15. a3 Nc5 16. Nd5 Bxd5 17. exd5 Nce4 18. Qe1 hxg3 19. fxe5 dxe5 20. Nxg3 Nxg3 21. Qxg3 Bc5 22. Kh1 Bxe3 23. Qxe3 Qd6 24. c3 O-O 25. Rf5 Rfe8 26. Rdf1 Kf8 27. Qf3 e4 28. Qf4 Qxf4 29. R5xf4 e3 30. d6 Rcd8 31. Bc6 Re6 32. Re1 Rexd6 33. Bb7 Rd1 34. Rff1 e2 35. Rg1 Rxe1 36. Rxe1 Rd1 0-1


[Site "https://www.chess.com"]